 Dungeon Crawl Stone Soup version 0.25.0-15-gac7dcb8919 (webtiles) character file.

Game seed: 8994653001960237873

42 Descartes the Insei (level 3, -1/19 HPs)
             Began as a Vine Stalker Monk on June 28, 2020.
             Slain by a rat (3 damage)
             ... on level 2 of the Dungeon.
             The game lasted 00:02:27 (1419 turns).

Descartes the Insei (Vine Stalker Monk)             Turns: 1419, Time: 00:02:28

Health: -1/19      AC:  2    Str: 13    XL:     3   Next: 56%
Magic:  0/4        EV: 10    Int: 11    God:
Gold:   76         SH:  7    Dex: 16    Spells: 2/2 levels left

rFire    . . .     SeeInvis .     - Unarmed
rCold    . . .     Gourm    .   e - +0 kite shield
rNeg     + . .     Faith    .   a - +0 robe
rPois    .         Spirit   +   (no helmet)
rElec    .         Reflect  .   (no cloak)
rCorr    .         Harm     .   (no gloves)
MR       .....                  (no boots)
Stlth    ++........             (no amulet)
HPRegen  0.06/turn              n - ring of positive energy
MPRegen  0.09/turn              (no ring)

@: no status effects
A: fangs 2, magic shield, antimagic bite, no potion heal 3, rot immunity
a: no special abilities


You were on level 2 of the Dungeon.
You were not hungry.

You visited 1 branch of the dungeon, and saw 2 of its levels.

You collected 76 gold pieces.

Inventory:

Missiles
 j - 48 stones (quivered)
 k - 78 sling bullets
Armour
 a - a +0 robe (worn)
 e - a +0 kite shield (worn)
Jewellery
 n - a ring of positive energy (left hand)
Wands
 m - a wand of polymorph (8)
Scrolls
 c - a scroll of immolation {unknown}
 d - a scroll of enchant weapon {unknown}
 h - a scroll of remove curse {unknown}
 l - a scroll of teleportation {unknown}
Potions
 g - a potion of brilliance {unknown}
 i - a potion of heal wounds {unknown}
 o - a potion of flight {unknown}
Comestibles
 b - 3 rations


   Skills:
 - Level 2.6 Fighting
 - Level 2.6 Dodging
 + Level 3.2 Stealth
 * Level 0.9 Shields
 * Level 3.7 Unarmed Combat


You had 2 spell levels left.
You didn't know any spells.
Your spell library was empty.

Dungeon Overview and Level Annotations

Branches:
Dungeon (2/15)

Altars:


Innate Abilities, Weirdness & Mutations

You have extremely sharp teeth.
When hurt, damage is shared between your health and your magic reserves.
Your bite disrupts and absorbs the magic of your enemies.
Potions cannot restore your health.
You are immune to rotting.


Message History

You hit the adder.
You kill the adder!
The rat bites you. x2
The rat bites you. You block the rat's attack.
You see here an adder corpse.
Your shield prevents you from hitting the rat.
You block the rat's attack. The rat bites you.
You closely miss the rat. Your bite misses the rat.
The rat barely misses you. x2
The kobold hits you with a +0 club.
You barely miss the rat. The rat closely misses you. The rat barely misses you.
You hit the rat.
You kill the rat!
The kobold closely misses you. The rat bites you.
The kobold hits you with a +0 club.
* * * LOW HITPOINT WARNING * * *
The rat closely misses you.
A worm comes into view.
You block the rat's attack. The kobold hits you with a +0 club.
The rat bites you.
You die...

..#. #............ #.#.#
#.........#.# ###...#
#########.#.#
......###########.#.#
.................)..
###..##########..#.#
#.........# #..#.#
#######...#####.###..#.#
.......@r(.##...##...#.#
.........†.####.##..##.#
........K#.# #.##......
.........#.# #.##...#.#
.........#.. #.##...#.#
.........#..# #.##...#.#
.w.......#... #.###.##.#
........%....##........#
..............#####.####


You could see a worm, a kobold and a rat.

Vanquished Creatures
  An adder (D:2)
  A worm (D:2)
  A dart slug (D:1)
  2 leopard geckos (D:1)
  3 bats (D:1)
  A goblin (D:2)
  5 hobgoblins
  A ball python (D:2)
  3 frilled lizards (D:1)
  4 kobolds
  6 rats
28 creatures vanquished.

Notes
Turn   | Place    | Note
-------+----------+-------------------------------------------
     0 | D:1      | Descartes the Vine Stalker Monk began the quest for the
                  | Orb.
     0 | D:1      | Reached XP level 1. HP: 11/11 MP: 2/2
   273 | D:1      | Reached XP level 2. HP: 16/16 MP: 3/3
   726 | D:1      | Reached XP level 3. HP: 19/19 MP: 4/4
  1419 | D:2      | Slain by a rat

Illustrated notes

Levels and vault maps discovered:
D:1:      ebering_trefoil_twist, layout_rooms
D:2:      layout_basic

Skill      XL: |  1  2 |
---------------+-------+-----
Stealth        | 3 |  3.2
Fighting       | |  2.6
Dodging        | |  2.6
Shields        | |  0.9
Unarmed Combat | |  3.7

Action                   || total
-------------------------++-------
Melee: Unarmed           ||    79
       Bite              ||    17
 Stab: Sleeping          ||     1
  Eat: Chunk             ||     2
Armor: Robe              ||     7
Dodge: Dodged            ||    60
Block: Kite shield       ||    18
